 Dungeon Crawl Stone Soup version 0.28.0-45-g0d030f2227 (webtiles) character file.

Game seed: 1050899120940858043

3619 Jerry the Cudgeller (level 9, -2/88 HPs)
             Began as a Troll Hunter on Apr 8, 2022.
             Was an Initiate of Gozag.
             Succumbed to a gnoll sergeant's poison
             ... on level 8 of the Dungeon.
             The game lasted 00:25:06 (6135 turns).

Jerry the Cudgeller (Troll Hunter)                  Turns: 6135, Time: 00:25:07

Health: -2/88      AC:  7    Str: 34    XL:     9   Next: 86%
Magic:  8/8        EV: 11    Int:  7    God:    Gozag
Gold:   666        SH:  0    Dex: 14    Spells: 8/8 levels left

rFire   . . .      SeeInvis +   l - +6 hand axe of Plog {vorpal, rN+ SInv}
rCold   + . .      Faith    .   (no shield)
rNeg    + . .      Spirit   .   b - +1 robe
rPois   .          Reflect  .   (helmet restricted)
rElec   .          Harm     .   n - +1 cloak of Orthodoxy {rC+}
rCorr   .          Rampage  .   (gloves unavailable)
Will    .....                   (boots unavailable)
Stlth   +.........              (no amulet)
HPRegen 1.04/turn               h - +6 ring of strength
MPRegen 0.11/turn               x - +6 ring of strength

@: lethally poisoned (-2 -> -16)
A: large, unfitting armour, claws 3, regeneration 1, shaggy fur 1, tough skin 1
a: Renounce Religion, Potion Petition, Call Merchant, Bribe Branch


You were on level 8 of the Dungeon.
You worshipped Gozag.
Gozag was pleased with you.
You visited 2 branches of the dungeon, and saw 9 of its levels.

You collected 820 gold pieces.
You paid 154 gold pieces to Gozag.

Inventory:

Hand Weapons
 a - a +1 dagger of venom
 g - a +0 dagger of venom
 l - the +6 hand axe of Plog (weapon) {vorpal, rN+ SInv}
   (You found it on level 4 of the Dungeon)

   It inflicts extra damage upon your enemies.
   rN:        It protects you from negative energy.
   SInv:      It lets you see invisible.
 o - a +1 whip
Missiles
 c - 5 large rocks (quivered)
 d - 2 throwing nets
Armour
 b - a +1 robe (worn)
 n - the +1 cloak of Orthodoxy (worn) {rC+}
   (You found it on level 3 of the Dungeon)

   rC:        It protects you from cold.
 v - the +0 robe of Paleaxt {rF+}
   (You found it on level 5 of the Dungeon)

   rF:        It protects you from fire.
Magical Staves
 j - a staff of earth
Jewellery
 h - a +6 ring of strength (left claw)
 x - a +6 ring of strength (right claw)
Wands
 r - a wand of iceblast (8)
Scrolls
 i - 2 scrolls of teleportation
 k - a scroll of enchant weapon
 q - a scroll of brand weapon {unknown}
 t - a scroll of holy word {unknown}
 w - 7 scrolls of identify
 y - a scroll of fear {unknown}
 z - a scroll of summoning {unknown}
 B - a scroll of silence {unknown}
 C - 2 scrolls of immolation {unknown}
 D - a scroll of enchant armour
 E - a scroll of fog {unknown}
Potions
 e - 2 potions of lignification {unknown}
 f - 3 potions of curing
 m - 3 potions of haste {unknown}
 p - a potion of degeneration {unknown}
 s - a potion of invisibility {unknown}
 u - 3 potions of ambrosia {unknown}
 A - 2 potions of heal wounds {unknown}


   Skills:
 + Level 5.1 Fighting
 * Level 7.4 Maces & Flails
 + Level 6.5 Throwing
 + Level 5.1 Dodging
 - Level 0.3 Stealth
 + Level 3.8 Evocations


You had 8 spell levels left.
You didn't know any spells.
Your spell library contained the following spells:

 Spells                   Type           Power      Damage    Failure   Level
 Apportation              Tloc           0%         N/A       43%         1
 Summon Small Mammal      Summ           0%         N/A       43%         1
 Corpse Rot               Necr/Air       0%         N/A       56%         2
 Call Canine Familiar     Summ           0%         N/A       80%         3
 Conjure Flame            Conj/Fire      0%         6-21      80%         3
 Ignite Poison            Fire/Tmut/Pois 0%         N/A       80%         3
 Summon Guardian Golem    Hex/Summ       0%         N/A       80%         3
 Airstrike                Air            0%         N/A       99%         4
 Dispel Undead            Necr           0%         3d6       99%         4
 Sticky Flame             Conj/Fire      0%         2d3       99%         4
 Summon Lightning Spire   Summ/Air       0%         N/A       99%         4
 Alistair's Intoxication  Tmut/Pois      0%         N/A       100%        5
 Lightning Bolt           Conj/Air       0%         1d11      100%        5
 Death Channel            Necr           0%         N/A       100%        6


Dungeon Overview and Level Annotations

Branches:
Dungeon (8/15)             Temple (1/1) D:6
   Lair: D:8-11

Altars:
Ashenzari
Dithmenos
Elyvilon
Fedhas
Gozag
Hepliaklqana
Kikubaaqudgha
Nemelex Xobeh
Ru
Sif Muna
Trog
Uskayaw
Vehumet
Wu Jian
Zin
The Shining One

Shops:
D:7 :*


Innate Abilities, Weirdness & Mutations

You are too large for most types of armour.
You have claws for hands.
Your natural rate of healing is unusually fast.
You are covered in fur. (AC +1)
You have tough skin. (AC +1)


Message History

You feel very sick. The gnoll sergeant misses you.
The gnoll hits you from afar with a +0 halberd!
You hit the gnoll sergeant but do no damage.
The gnoll sergeant is moderately wounded.
You feel very sick.
The gnoll sergeant hits you with a +3 spear of venom.
The gnoll misses you.
You barely miss the gnoll sergeant.
The gnoll sergeant is moderately wounded.
You feel sick.
The gnoll sergeant hits you with a +3 spear of venom!
You are more poisoned.
The gnoll hits you but does no damage.
You completely miss the gnoll sergeant.
The gnoll sergeant is moderately wounded.
You feel very sick. The gnoll sergeant barely misses you.
The gnoll hits you but does no damage.
You hit the gnoll sergeant.
The gnoll sergeant is severely wounded.
You feel very sick.
The gnoll sergeant hits you with a +3 spear of venom.
You are more poisoned.
The gnoll hits you from afar with a +0 halberd!
You are too injured to fight recklessly!
You feel very sick.
The gnoll sergeant hits you from afar with a +3 spear of venom.
You are more poisoned.
You feel very sick.
You feel very sick.
You hear the steady creaking of a distant portcullis.
You feel very sick.
You feel very sick.
You feel sick.
You feel sick.
The gnoll sergeant hits you from afar with a +3 spear of venom!
* * * LOW HITPOINT WARNING * * *
You are lethally poisoned!
You die...
Your body crumbles into a pile of gold.

#.....### #.......###
#.........# ..# ##........#
...# ##........# .....
##.........# #...
##..##......## ## ###...
##..####....<.###.
#.....##@.## #.......#..
.........## ##.........
#######.## ###..####... ##g#
##...## #... #. #####g.#
###.....####...
#...#......###..............
#....(..g.........#......###
.#####...[......###.....###
#.g$...#............##.


You could see a gnoll sergeant and 2 gnolls.

Vanquished Creatures
  A two-headed ogre (D:6)
  A wyvern (D:7)
  3 water moccasins
  4 ice beasts
  2 black bears (D:7)
  An orc warrior (D:7)
  2 sky beasts
  2 necrophages
  2 ogres (D:5)
  A centaur (D:5)
  2 phantoms
  3 bullfrogs
  2 kobold brigands
  A water moccasin zombie (D:5)
  2 scorpions
  A howler monkey (D:7)
  A centaur zombie (D:3)
  2 hounds
  A lava snake (D:7)
  A bullfrog skeleton (D:4)
  A centaur skeleton (D:7)
  Jessica (D:3)
  3 orc wizards (D:7)
  2 iguanas (D:5)
  Natasha (thrice) (D:2)
  A killer bee zombie (D:4)
  2 hound skeletons (D:5)
  3 gnolls (D:6)
  6 adders
  An ufetubus (D:4)
  13 orcs
  8 ball pythons
  4 bats
  7 endoplasms
  6 giant cockroaches
  8 goblins
  10 hobgoblins
  9 kobolds
  5 quokkas
  5 frilled lizards
  8 rats
  8 bushes (D:5)
149 creatures vanquished.

Vanquished Creatures (others)
  17 plants
17 creatures vanquished.

Grand Total: 166 creatures vanquished

Notes
Turn   | Place    | Note
-------+----------+-------------------------------------------
     0 | D:1      | Jerry the Troll Hunter began the quest for the Orb.
     0 | D:1      | Reached XP level 1. HP: 19/19 MP: 0/0
   160 | D:1      | Reached XP level 2. HP: 28/28 MP: 1/1
   500 | D:1      | Reached XP level 3. HP: 35/35 MP: 2/2
   841 | D:2      | Noticed Natasha
   846 | D:2      | Killed Natasha
   847 | D:2      | Reached skill level 1 in Maces & Flails
   861 | D:2      | Reached XP level 4. HP: 42/42 MP: 3/3
   920 | D:2      | Noticed Natasha
   930 | D:2      | Killed Natasha
  1008 | D:2      | Noticed a necrophage
  1043 | D:2      | Killed a necrophage
  1044 | D:2      | Reached skill level 2 in Maces & Flails
  1044 | D:2      | Reached XP level 5. HP: 23/50 MP: 4/4
  1085 | D:2      | Noticed Natasha
  1097 | D:2      | Killed Natasha
  1589 | D:3      | Found a blossoming altar of Fedhas.
  1736 | D:3      | Identified the +1 cloak of Orthodoxy {rC+}
  1840 | D:3      | Reached XP level 6. HP: 58/59 MP: 5/5
  1948 | D:3      | Reached skill level 3 in Maces & Flails
  2328 | D:3      | Found a glowing silver altar of Zin.
  2337 | D:3      | Found an ornate altar of the Wu Jian Council.
  2497 | D:3      | Noticed Jessica
  2515 | D:3      | Killed Jessica
  2666 | D:4      | Found a shadowy altar of Dithmenos.
  2828 | D:4      | Identified the +6 hand axe of Plog {vorpal, rN+ SInv}
  2854 | D:4      | Reached skill level 1 in Evocations
  3094 | D:4      | Reached XP level 7. HP: 66/67 MP: 6/6
  3105 | D:4      | Found a glowing golden altar of the Shining One.
  3105 | D:4      | Found a bloodstained altar of Trog.
  3113 | D:4      | Found a sacrificial altar of Ru.
  3115 | D:4      | Found a faded altar of an unknown god.
  3117 | D:4      | Found a sparkling altar of Nemelex Xobeh.
  3347 | D:5      | Entered Level 5 of the Dungeon
  3367 | D:5      | You fall into a shaft and drop 1 floor!
  3434 | D:6      | Reached skill level 4 in Maces & Flails
  3434 | D:6      | Reached skill level 5 in Throwing
  3490 | D:5      | Identified the +0 robe of Paleaxt {rF+}
  3643 | D:5      | Found a broken altar of Ashenzari.
  3749 | D:5      | Reached XP level 8. HP: 74/78 MP: 7/7
  3994 | D:5      | Reached skill level 5 in Maces & Flails
  4525 | D:6      | Found a staircase to the Ecumenical Temple.
  4564 | Temple   | Entered the Ecumenical Temple
  4594 | Temple   | Became a worshipper of Gozag Ym Sagoz the Greedy
  4638 | D:6      | Noticed a two-headed ogre
  4953 | D:6      | Killed a two-headed ogre
  4954 | D:6      | Reached skill level 6 in Maces & Flails
  4954 | D:6      | Reached XP level 9. HP: 85/85 MP: 8/8
  5511 | D:7      | Found a hazy altar of Hepliaklqana.
  5660 | D:7      | Found a hide-covered altar of Uskayaw.
  5720 | D:7      | Found Peongitz's Book Emporium.
  5739 | D:7      | Reached skill level 7 in Maces & Flails
  5764 | D:7      | Reached skill level 5 in Fighting
  5767 | D:7      | Reached skill level 5 in Dodging
  5923 | D:7      | Found Orrufol's General Store.
  6134 | D:8      | HP: 2/88 [gnoll sergeant/+3 spear of venom (11)]
  6135 | D:8      | Succumbed to a gnoll sergeant's poison

Illustrated notes

Levels and vault maps discovered:
D:1:      minmay_arrival_four_houses, layout_basic,
          ebering_dispersal_statue_hall, minmay_tiny_reverse_x
D:2:      layout_basic, uniq_natasha
D:3:      layout_basic, amcnicky_altar_gilded, mainiacjoe_overflow_swirl,
          uniq_jessica
D:4:      layout_basic, nicolae_dithmenos_shadow_blocks,
          chequers_temple_overflow_minitemple
D:5:      layout_rooms, nicolae_ashenzari_panopticon,
          nicolae_concentric_dashed_squares_mild, lexackson_kobold_supper
D:6:      layout_basic, temple_fountains, corexii_checkpoint_b
D:7:      layout_basic, nicolae_uskayaw_suspiria,
          nicolae_hepliaklqana_hazy_memory, serial_shops, kennysheep_little_box,
          nicolae_shop_hallway_stairs
D:8:      layout_layer_cave, nicolae_yredelemnul_corpse_copse, enter_bailey_3,
          minmay_fractal_squares_5
Temple:   compressed_dpeg_circular_temple

Skill      XL: |  1  2  3  4  5  6  7  8  9 |
---------------+----------------------------+-----
Fighting       | 2 3 4 5 |  5.1
Dodging        | 2 3 4 5 |  5.1
Maces & Flails | 1 2 3 4 6 7 |  7.4
Throwing       | 4 5 6 |  6.5
Evocations     | 1 3 |  3.8
Stealth        | |  0.3

Action                   |  1- 3 |  4- 6 |  7- 9 || total
-------------------------+-------+-------+-------++-------
Melee: Short sword       |    36 |       |       ||    36
       Dagger            |    85 |   166 |       ||   251
       Punch             |     1 |     2 |     4 ||     7
       Hand axe          |       |    32 |   445 ||   477
       Whip              |       |     3 |       ||     3
Throw: Large rock        |       |     3 |     3 ||     6
  Use: Scroll            |       |     6 |       ||     6
       Potion            |       |     1 |       ||     1
 Stab: Sleeping          |     1 |       |       ||     1
       Distracted        |     1 |       |     1 ||     2
Armor: Robe              |    42 |   102 |   116 ||   260
Dodge: Dodged            |    62 |   132 |   163 ||   357
